 Dungeon Crawl Stone Soup version 0.30-a0-166-g5d06c95188 (webtiles) character file.

Game seed: 10412401227086551644

74 qw the Chopper (level 4, 0/28 HPs)
             Began as a Gargoyle Fighter on Sept 29, 2022.
             Killed by divine providence
             ... invoked by an orc priest
              (13 damage)
             ... on level 2 of the Dungeon.
             The game lasted 00:00:33 (2386 turns).

qw the Chopper (Gargoyle Fighter)                   Turns: 2386, Time: 00:00:34

Health: 0/28       AC: 12    Str: 28    XL:     4   Next: 28%
Magic:  4/4        EV:  8    Int:  8    God:
Gold:   123        SH:  4    Dex:  9    Spells: 3/3 levels left

rFire   . . .      SeeInvis .    Y - +0 war axe
rCold   . . .      Faith    .    c - +0 buckler
rNeg    + . .      Spirit   .    i - +0 chain mail
rPois   inf        Reflect  .    (no helmet)
rElec   +          Harm     .    h - scarf {repulsion}
rCorr   .          Rampage  .    (no gloves)
Will    .....                    (no boots)
Stlth   ..........               (no amulet)
HPRegen 0.09/turn                m - +6 ring of strength
MPRegen 0.09/turn                (no ring)

@: repel missiles
A: sickness immunity, AC +3, negative energy resistance 1, electricity
resistance, torment resistance 1, petrification resistance
a: no special abilities


You were on level 2 of the Dungeon.
You visited 1 branch of the dungeon, and saw 2 of its levels.

You collected 123 gold pieces.


Innate Abilities, Weirdness & Mutations

You are immune to sickness and miasma.
Your stone body is resilient. (AC +3)
You are immune to poison.
You resist negative energy. (rN+)
You are resistant to electric shocks. (rElec)
You are resistant to unholy torment.
You are immune to petrification.


   Skills:
 - Level 3.2 Fighting
 + Level 3.8 Axes
 - Level 0.7 Throwing
 - Level 3.2 Armour
 - Level 3.2 Shields


You had 3 spell levels left.
You didn't know any spells.
Your spell library was empty.

Inventory:

Hand Weapons
 p - a +0 flail
 Y - a +0 war axe (weapon)
Armour
 b - a +0 pair of gloves
 c - a +0 buckler (worn)
 h - a scarf of repulsion (worn)
 i - a +0 chain mail (worn)
Jewellery
 m - a +6 ring of strength (left hand)
Scrolls
 a - 2 scrolls of identify {unknown}
 f - a scroll of torment {unknown}
 n - a scroll of brand weapon {unknown}
 o - a scroll of amnesia {unknown}
Potions
 d - a potion of might
 g - a potion of berserk rage {unknown}
 j - a potion of invisibility {unknown}
 k - a potion of curing {unknown}
 l - a potion of degeneration {unknown}

Dungeon Overview and Level Annotations

Branches:
Dungeon (2/15)

Altars:


Message History

Throw: 2 javelins
Press: ? - help, Q - select action Shift-Dir - straight line, f/p - orc You throw a javelin.
The javelin barely misses the orc.
An orc comes into view. It is wielding a +0 whip.
Throw: javelin
Press: ? - help, Q - select action Shift-Dir - straight line, f/p - orc You throw a javelin.
The orc shouts!
The javelin pierces through the orc!
You kill the orc!
An orc priest comes into view. It is wielding a +0 flail.
The orc barely misses you.
The orc priest casts a cantrip, but nothing happens.
Things that are here:
a +0 war axe; a +0 leather armour; an orc corpse You slash the orc!
You kill the orc!
You hit the plant.
The plant begins to die.
You block the orc priest's attack.
You barely miss the orc priest. You slash the plant!
The orc priest invokes the aid of Beogh against you.
Beogh smites you!
You barely miss the orc priest. You hit the plant but do no damage.
A nearby plant withers and dies.
The orc priest hits you with a +0 flail.
You slash the orc priest!
The orc priest is severely wounded.
The orc priest hits you with a +0 flail.
The orc priest hits you but does no damage.
You hit the orc priest but do no damage.
The orc priest is heavily wounded.
You block the orc priest's attack.
You completely miss the orc priest.
The orc priest is heavily wounded.
The orc priest hits you with a +0 flail.
You hit the orc priest.
The orc priest is severely wounded.
The orc priest invokes the aid of Beogh against you.
Beogh smites you!
You die...

7P.~~7###...#.#7
7~.P~~......#.#####
#77~.~~~~###.........
7~~~.~~~7# #.##.#####
7~~~.~~PP# #....#
7PP~.~~~~# #.####
7~~~.~~~7# #.#
7~~~.~~~# #.#
#P~~@~7## #.# ##~~o7#
#.# #.... #.# #.#..#
#.# #..((. ..#
####### ###


You could see an orc priest.

Vanquished Creatures
  An orc priest (D:2)
  An adder (D:2)
  2 orcs (D:2)
  3 ball pythons (D:1)
  3 endoplasms
  2 giant cockroaches
  4 goblins (D:1)
  5 hobgoblins
  3 bats
  4 kobolds
  A rat (D:2)
29 creatures vanquished.

Vanquished Creatures (others)
  A plant (D:2)
1 creature vanquished.

Grand Total: 30 creatures vanquished

Notes
Turn   | Place    | Note
-------+----------+-------------------------------------------
     0 | D:1      | qw the Gargoyle Fighter began the quest for the Orb.
     0 | D:1      | Reached XP level 1. HP: 14/14 MP: 1/1
     0 | D:1      | 0 ||| qw: Version: 0.2-a-12-gaebbb33
     0 | D:1      | 0 ||| qw: Game counter: 1039
     0 | D:1      | 0 ||| qw: Always use a shield: true
     0 | D:1      | 0 ||| qw: God list: Okawaru
     0 | D:1      | 0 ||| qw: Allow faded altars: false
     0 | D:1      | 0 ||| qw: Do Orc after D:15 true
     0 | D:1      | 0 ||| qw: Do second Lair branch before Depths: true
     0 | D:1      | 0 ||| qw: Lair rune preference: random
     0 | D:1      | 0 ||| qw: Plans: Normal, Zot:1-4, God:TSO, Crypt, Tomb,
                  | Pan, Slime:5, Hells, Abyss, Orb
     0 | D:1      | 0 ||| PLANNING D:1-11
   112 | D:1      | 112 ||| Stepping ~*~*~tactically~*~*~ (stealth).
   330 | D:1      | Found a faded altar of an unknown god.
   565 | D:1      | Reached XP level 2. HP: 18/19 MP: 2/2
  1202 | D:1      | 1202 ||| UPGRADING to scarf of repulsion.
  1207 | D:1      | 1207 ||| UPGRADING to +0 chain mail.
  1217 | D:1      | 1217 ||| DROPPING +0 scale mail.
  1218 | D:1      | 1218 ||| UPGRADING to +6 ring of strength.
  1219 | D:1      | 1219 ||| READING scroll labelled BIQALE LOWNI.
  1220 | D:1      | 1220 ||| READING scroll labelled NIKIOG QAYLIG.
  1321 | D:1      | 1321 ||| READING scroll labelled SEJUTI FAPHEO.
  1322 | D:1      | 1322 ||| READING scroll labelled TUSOUF ZYPSO.
  1390 | D:2      | Reached skill level 3 in Axes
  1443 | D:2      | Reached XP level 3. HP: 23/23 MP: 3/3
  1970 | D:2      | Reached XP level 4. HP: 24/28 MP: 4/4
  2077 | D:2      | 2077 ||| DROPPING +0 club.
  2386 | D:2      | Killed from afar by an orc priest

Levels and vault maps discovered:
D:1:      tarquinn_simple_flora_water_e, layout_basic, basic_ecumenical_altar
D:2:      layout_basic, serial_bayou_lagoon_b

Skill      XL: |  1  2 |
---------------+-------+-----
Axes           | 2 3 |  3.8
Fighting       | |  3.2
Throwing       | |  0.7
Armour         | |  3.2
Shields        | |  3.2

Action                   |  1- 3 |  4- 6 || total
-------------------------+-------+-------++-------
Melee: War axe           |    81 |    24 ||   105
Throw: Javelin           |       |     5 ||     5
  Use: Scroll            |     4 |       ||     4
Armor: Scale mail        |    35 |       ||    35
       Chain mail        |     7 |    16 ||    23
Dodge: Dodged            |    29 |    10 ||    39
Block: Buckler           |    17 |     2 ||    19

Table legend:
 A = Non-vault XP
 B = Vault XP
 C = Vault XP percentage of total XP
 D = Non-vault monster count
 E = Vault monster count
 F = Vault count percentage of total count
                 A         B        C        D         E       F
            +---------+---------+-------+---------+---------+-------
      Total |     106 |       0 |   0.0 |      29 |       0 |   0.0
            +---------+---------+-------+---------+---------+-------
        D:1 |      29 |       0 |   0.0 |      17 |       0 |   0.0
        D:2 |      77 |       0 |   0.0 |      12 |       0 |   0.0
            +---------+---------+-------+---------+---------+-------
